 Dungeon Crawl Stone Soup version 0.28.0-53-g5a82cb258f (webtiles) character file.

Game seed: 8732171551453364078

9 Peloso the Covered (level 2, 27/27 HPs)
             Began as a Minotaur Fighter on June 21, 2022.
             Got out of the dungeon alive.
             The game lasted 00:00:51 (542 turns).

Peloso the Covered (Minotaur Fighter)                Turns: 542, Time: 00:00:51

Health: 27/27      AC:  7    Str: 20    XL:     2   Next: 3%
Magic:  1/1        EV:  9    Int:  3    God:
Gold:   44         SH:  4    Dex:  9    Spells: 1/1 levels left

rFire   . . .      SeeInvis .   a - +0 long sword
rCold   . . .      Faith    .   c - +0 buckler
rNeg    . . .      Spirit   .   b - +0 scale mail
rPois   .          Reflect  .   (helmet restricted)
rElec   .          Harm     .   (no cloak)
rCorr   .          Rampage  .   (no gloves)
Will    .....                   (no boots)
Stlth   ..........              (no amulet)
HPRegen 0.09/turn               (no ring)
MPRegen 0.07/turn               (no ring)

@: no status effects
A: horns 2, retaliatory headbutt, dopey 1, no potion heal 1, MP-powered wands
a: no special abilities


You escaped.
You visited 1 branch of the dungeon, and saw 1 of its levels.

You collected 44 gold pieces.

Inventory:

Hand Weapons
 a - a +0 long sword (weapon)
Armour
 b - a +0 scale mail (worn)
 c - a +0 buckler (worn)
Potions
 d - a potion of might
 e - a potion of brilliance
 g - a potion of magic {unknown}


   Skills:
 + Level 3.8 Fighting
 + Level 2.5 Long Blades
 + Level 4.0 Armour
 + Level 0.2 Dodging
 + Level 3.8 Shields


You had one spell level left.
You didn't know any spells.
Your spell library contained the following spells:

 Spells                   Type           Power      Damage    Failure   Level
 Portal Projectile        Hex/Tloc       0%         N/A       100%        3
 Blade Hands              Tmut           0%         N/A       100%        5
 Excruciating Wounds      Necr           0%         N/A       100%        5


Dungeon Overview and Level Annotations

Branches:
Dungeon (1/15)

Altars:


Innate Abilities, Weirdness & Mutations

You have a pair of horns on your head.
You reflexively headbutt those who attack you in melee.
You are dopey. (Int -2)
Potions are less effective at restoring your health.
You expend magic power (3 MP) to strengthen your wands.


Message History

There is an open door here.
You open the door.
There is an open door here.
You open the large door.
There is a large open door here.
There is a large open door here.
An endoplasm comes into view.
The endoplasm quivers.
An endoplasm is nearby!
An endoplasm is nearby!
An endoplasm is nearby!
The endoplasm freezes you.
You are frozen.
You slash the endoplasm!
You kill the endoplasm!
You have reached level 2!
You open the door.
There is an open door here.
You now have 44 gold pieces (gained 7).
Found a stone staircase leading down.
You pick up a book of Weapons and begin reading...
You add the spells Portal Projectile, Excruciating Wounds and Blade Hands to your library.
g - a fizzy golden potion It was a potion of brilliance.
You feel clever all of a sudden.
It was a potion of mutation.
You feel extremely strange.
You feel stupid.
Your system partially rejects the healing effects of potions.
You feel your magical essence link to the dungeon's wands.
Okay, then.
(D) Dungeon
Where to? (? - help)
What level of the Dungeon? (default 1, ? - help)
There is an open door here.
There is an open door here.
You feel a little less clever now.
You see here 9 stones.
There is a staircase leading out of the dungeon here.
Are you sure you want to leave the Dungeon?
This will make you lose the game!
You have escaped!

#..≈≈≈≈≈≈≈..#.#.#
#....≈≈≈≈≈..#.#.#
#≈.≈≈.≈≈≈..≈#.#.#######
#≈..≈≈≈.≈..≈#.#.......#
#≈...≈≈≈≈..≈#.#######.#
#≈...≈≈≈..≈≈#.# #.#
#≈≈...≈...≈≈#.# #.#
#≈≈.......≈≈#.# #.#
#≈≈...@...≈≈#.#######.#
#≈≈≈.....≈≈≈#.........#
#≈≈≈≈≈≈.≈≈≈≈###########
#≈≈≈≈≈≈≈≈≈≈≈#
#############


There were no monsters in sight!

Vanquished Creatures
  2 ball pythons (D:1)
  An endoplasm (D:1)
  A giant cockroach (D:1)
  A hobgoblin (D:1)
  2 bats (D:1)
  2 frilled lizards (D:1)
9 creatures vanquished.

Notes
Turn   | Place    | Note
-------+----------+-------------------------------------------
     0 | D:1      | Peloso the Minotaur Fighter began the quest for the Orb.
     0 | D:1      | Reached XP level 1. HP: 19/19 MP: 0/0
   203 | D:1      | Reached skill level 4 in Armour
   406 | D:1      | Reached XP level 2. HP: 25/27 MP: 1/1
   466 | D:1      | Gained mutation: You are dopey. (Int -2) [potion of
                  | mutation]
   466 | D:1      | Gained mutation: Potions are less effective at restoring
                  | your health. [potion of mutation]
   466 | D:1      | Gained mutation: You expend magic power (3 MP) to
                  | strengthen your wands. [potion of mutation]
   542 | D:$      | Got out of the dungeon alive.

Illustrated notes

Levels and vault maps discovered:
D:1:      dpeg_arrival_more_subterranean_lakeside_camping, layout_basic

Skill      XL: |  1 |
---------------+----+-----
Armour         | 4 |  4.0
Fighting       | |  3.8
Long Blades    | |  2.5
Dodging        | |  0.2
Shields        | |  3.8

Action                   || total
-------------------------++-------
Melee: Long sword        ||    23
       Headbutt          ||     5
  Use: Potion            ||     2
Armor: Scale mail        ||    15
Dodge: Dodged            ||     8
Block: Buckler           ||     7
